 Dungeon Crawl Stone Soup version 0.24.0-123-gd5b16e6ec5 (webtiles) character file.

Game seed: 8622387349103219436, levelgen mode: deterministic

9824 ReteAZ the Severer (level 11, -15/96 HPs)
             Began as a Deep Dwarf Fighter on Dec 24, 2019.
             Was the Champion of Makhleb.
             Demolished by a stone giant (19 damage)
             ... in a volcano.
             The game lasted 00:20:05 (10206 turns).

ReteAZ the Severer (Deep Dwarf Fighter)            Turns: 10206, Time: 00:20:05

Health: -15/96     AC: 18    Str: 29    XL:     11   Next: 28%
Magic:  8/8        EV:  6    Int:  8    God:    Makhleb [******]
Gold:   982        SH: 12    Dex: 16    Spells: 10/10 levels left

rFire    . . .     SeeInvis .   I - +1 war axe (elec)
rCold    + + .     Gourm    .   c - +0 shield
rNeg     . . .     Faith    .   J - +2 plate armour {rC+}
rPois    .         Spirit   .   y - +0 helmet (curse)
rElec    .         Reflect  .   P - scarf {cloud immunity}
rCorr    .         Harm     .   l - +0 pair of gloves
MR       ++...                  v - +0 pair of boots
Stlth    ..........             (no amulet)
HPRegen  0.00/turn              D - +2 ring of dexterity
MPRegen  0.11/turn              L - ring of protection from cold

@: mighty, non-regenerating
A: damage resistance, heal wounds, agile 1, magic resistance 1, sense
surroundings 2, no regeneration
a: Heal Wounds, Minor Destruction, Lesser Servant of Makhleb, Major Destruction,
Greater Servant of Makhleb, Renounce Religion


You were in a volcano.
You worshipped Makhleb.
Makhleb was exalted by your worship.
You were not hungry.

You visited 2 branches of the dungeon, and saw 13 of its levels.
You also visited: Sewer and Volcano.

You collected 1138 gold pieces.
You spent 156 gold pieces at shops.

Inventory:

Hand Weapons
 I - a +1 war axe of electrocution (weapon)
Missiles
 u - 3 boomerangs of dispersal
 B - 3 throwing nets
 N - 31 poisoned darts (quivered)
Armour
 c - a +0 shield (worn)
 l - a +0 pair of gloves (worn)
 n - a +0 cloak
 v - a +0 pair of boots (worn)
 y - a cursed +0 helmet (worn)
 J - a +2 plate armour of cold resistance (worn)
 P - a scarf of cloud immunity (worn)
 S - a scarf of repulsion
Jewellery
 e - an uncursed ring of flight
 D - a +2 ring of dexterity (left hand)
 H - a +3 ring of intelligence
 L - a ring of protection from cold (right hand)
 O - an uncursed ring of magical power {unknown}
Wands
 b - a wand of flame (32)
 s - a wand of polymorph (16)
 M - a wand of iceblast (6)
 Q - a wand of random effects (20)
 U - a wand of paralysis (10)
 V - a wand of clouds (8)
Scrolls
 a - a scroll of random uselessness {unknown}
 j - 14 scrolls of identify
 o - a scroll of magic mapping
 p - 3 scrolls of teleportation {unknown}
 q - 9 scrolls of remove curse {unknown}
 w - 2 scrolls of noise {unknown}
 E - 4 scrolls of fear {unknown}
 G - a scroll of vulnerability {unknown}
 K - 2 scrolls of enchant armour {unknown}
 R - a scroll of fog
 T - a scroll of torment {unknown}
Potions
 d - 2 potions of might
 g - 6 potions of agility {unknown}
 h - 2 potions of cancellation
 i - 12 potions of heal wounds
 k - 3 potions of flight
 m - 3 potions of degeneration {unknown}
 r - 5 potions of brilliance {unknown}
 t - 3 potions of resistance {unknown}
 x - 6 potions of curing
 z - 2 potions of lignification {unknown}
 A - a potion of invisibility {unknown}
 C - 3 potions of mutation
 F - a potion of berserk rage
Comestibles
 f - 27 rations
 W - 2 chunks of flesh


   Skills:
 + Level 5.3 Fighting
 - Level 16.0 Axes
 + Level 6.4 Armour
 + Level 6.4 Shields


You had 10 spell levels left.
You didn't know any spells.
Your spell library contained the following spells:

 Spells                   Type           Power        Failure   Level  Hunger
 Animate Skeleton         Necr           N/A          100%        1    ##.....
 Apportation              Tloc           #.....       100%        1    ##.....
 Beastly Appendage        Tmut           #.....       100%        1    ##.....
 Confusing Touch          Hex            #.....       100%        1    ##.....
 Summon Small Mammal      Summ           #...         100%        1    ##.....
 Sticks to Snakes         Tmut           #.......     100%        2    ###....
 Confuse                  Hex            #.......     100%        3    ####...
 Gell's Gravitas          Tloc           #.........   100%        3    ####...
 Spider Form              Tmut/Pois      #.........   100%        3    ####...
 Ice Form                 Ice/Tmut       #.......     100%        4    #####..
 Petrify                  Tmut/Erth      #.......     100%        4    #####..
 Blade Hands              Tmut           #.........   100%        5    ######.
 Metabolic Englaciation   Hex/Ice        #.........   100%        5    ######.
 Yara's Violent Unravell  Hex/Tmut       #.........   100%        5    ######.


Dungeon Overview and Level Annotations

Branches:
Dungeon (11/15)            Temple (0/1) D:5            Lair (0/6) D:10
    Orc (2/2) D:9             Elf (0/3) Orc:2         Sewer (visited)
Volcano (1/1)

Altars:
Cheibriados
Fedhas
Hepliaklqana
Makhleb
Nemelex Xobeh
Okawaru
Ru
Sif Muna
Uskayaw
Wu Jian
Zin
The Shining One

Shops:
D:6 [[!


Innate Abilities, Weirdness & Mutations

You are resistant to damage.
You can heal yourself by infusing magical energy.
You passively map the area around you.
You do not regenerate.
You are agile. (Dex +2)
You are resistant to hostile enchantments. (MR+)


Message History

You slash the stone giant!
The stone giant is heavily wounded.
The stone giant hits you!!
You slice the stone giant!!
The stone giant is severely wounded.
The stone giant hits you!!
You hit the stone giant.
The stone giant is severely wounded.
The stone giant hits you!!
* * * LOW HITPOINT WARNING * * *
You hit the stone giant but do no damage.
The stone giant is severely wounded.
You hit the stone giant.
Lightning courses through the stone giant!
The stone giant is severely wounded.
You block the stone giant's attack.
You slash the stone giant!
The stone giant is almost dead.
The stone giant hits you!!
You die...

##≈§≈§## ##≈§§§§≈##
#≈≈...≈..* #.....###
##.....# #..∩#∩.#
###.###### ####
###...########.C# ,*
....§.......##..@#.$$[C#
*
≈≈§§.§§.......#####∩)!.!.
§≈§≈§≈≈.....### ≈.![.§*
§§§§≈§§≈≈..... * §§§≈≈*
≈≈≈§≈≈≈≈.....## #≈§§#
§≈≈§§§≈≈≈.....# #§ #
≈≈≈§§§§≈.....##
,≈.≈.§.....### *
,,.....#, *


You could see a stone giant.

Vanquished Creatures
  Harold (D:8)
  Erica (D:8)
  2 centaur skeletons (D:11)
  Psyche (D:10)
  2 trolls
  A hippogriff (D:6)
  2 humans (D:10)
  3 yaks (D:11)
  A wyvern (D:8)
  3 ice beasts
  A hornet zombie (D:9)
  9 orc warriors
  A phantom (D:9)
  3 black bears
  2 sky beasts
  An eye of draining (D:11)
  8 ogres
  A centaur (D:10)
  2 big kobolds
  3 bullfrogs
  A scorpion (D:9)
  5 killer bees (D:11)
  15 wights
  7 howler monkeys
  3 crimson imps
  2 centaur zombies (D:5)
  2 bullfrog zombies
  3 bullfrog skeletons
  5 hounds
  16 orc priests
  A jelly (D:10)
  Jessica (D:2)
  2 iguanas
  15 orc wizards
  Natasha (D:2)
  3 worker ants
  2 hound skeletons
  A mummy (D:6)
  Robin (D:3)
  A worker ant zombie (D:8)
  4 gnolls (D:8)
  11 adders
  8 river rats
  An ooze (D:2)
  An adder skeleton (D:6)
  An adder zombie (D:8)
  2 worms (D:2)
  A dart slug (D:1)
  5 leopard geckos
  57 orcs
  5 bats
  A giant cockroach (D:3)
  15 goblins
  8 hobgoblins
  21 jackals
  3 quokkas
  6 ball pythons
  5 frilled lizards
  A jackal zombie (D:7)
  26 kobolds
  A leopard gecko zombie (D:7)
  30 rats
348 creatures vanquished.

Vanquished Creatures (others)
  A dart slug (D:1)
  5 plants (D:6)
6 creatures vanquished.

Grand Total: 354 creatures vanquished

Notes
Turn   | Place    | Note
-------+----------+-------------------------------------------
     0 | D:1      | ReteAZ the Deep Dwarf Fighter began the quest for the Orb.
     0 | D:1      | Reached XP level 1. HP: 20/20 MP: 1/1
   207 | D:1      | Reached skill level 3 in Axes
   207 | D:1      | Reached XP level 2. HP: 25/27 MP: 2/2
   537 | D:1      | Reached XP level 3. HP: 25/33 MP: 3/3
   942 | D:2      | Found a shimmering blue altar of Sif Muna.
   974 | D:2      | Found an ornate altar of the Wu Jian Council.
   977 | D:2      | Reached skill level 4 in Axes
  1005 | D:2      | Found a burning altar of Makhleb.
  1014 | D:2      | Became a worshipper of Makhleb the Destroyer
  1069 | D:2      | Noticed Jessica
  1071 | D:2      | Killed Jessica
  1080 | D:2      | Reached XP level 4. HP: 35/40 MP: 4/4
  1138 | D:2      | Reached skill level 5 in Axes
  1399 | D:2      | Noticed Natasha
  1414 | D:2      | Killed Natasha
  1419 | D:2      | Reached XP level 5. HP: 30/46 MP: 5/5
  1545 | D:2      | Found a hazy altar of Hepliaklqana.
  1728 | D:2      | Reached * piety under Makhleb
  1960 | D:3      | Reached skill level 6 in Axes
  1977 | D:3      | Found an iron altar of Okawaru.
  2085 | D:3      | Noticed Robin
  2115 | D:3      | Killed Robin
  2359 | D:4      | Found a sacrificial altar of Ru.
  2481 | D:4      | Found a sparkling altar of Nemelex Xobeh.
  2714 | D:4      | Found a glowing silver altar of Zin.
  2743 | D:4      | Reached ** piety under Makhleb
  2784 | D:4      | Reached skill level 7 in Axes
  2784 | D:4      | Reached XP level 6. HP: 47/55 MP: 6/6
  2886 | D:4      | Got a brightly glowing scale mail
  2897 | D:4      | Identified the +4 scale mail of a Gauntlet {Str+3} (You
                  | found it on level 4 of the Dungeon)
  3056 | D:5      | Entered Level 5 of the Dungeon
  3118 | D:5      | Found a glowing drain.
  3141 | Sewer    | Entered a sewer
  3341 | Sewer    | Reached *** piety under Makhleb
  3479 | Sewer    | Reached skill level 8 in Axes
  3726 | D:5      | Reached XP level 7. HP: 61/61 MP: 7/7
  4042 | D:5      | Found a staircase to the Ecumenical Temple.
  4161 | D:5      | Reached skill level 9 in Axes
  4531 | D:6      | Found a glowing golden altar of the Shining One.
  4571 | D:6      | Reached skill level 10 in Axes
  4573 | D:6      | Reached XP level 8. HP: 46/68 MP: 7/7
  4813 | D:6      | Found Buewu's Distillery.
  4818 | D:6      | Bought a potion of berserk rage for 60 gold pieces
  4818 | D:6      | Bought a potion of flight for 36 gold pieces
  4818 | D:6      | Bought a potion of heal wounds for 60 gold pieces
  4820 | D:6      | Noticed a hippogriff
  4833 | D:6      | Killed a hippogriff
  4833 | D:6      | Reached skill level 11 in Axes
  4925 | D:6      | Reached **** piety under Makhleb
  4973 | D:6      | Found a hide-covered altar of Uskayaw.
  4987 | D:6      | Reached skill level 12 in Axes
  5107 | D:6      | Found a snail-covered altar of Cheibriados.
  5111 | D:6      | Gained mutation: You passively map the area around you.
                  | [Deep Dwarf growth]
  5111 | D:6      | Reached XP level 9. HP: 74/74 MP: 6/6
  5116 | D:6      | Identified the +2 ring mail of Idarchiyrra {rC- Int+6}
  5293 | D:6      | Found Hicoud's Armour Boutique.
  5323 | D:6      | Found a blossoming altar of Fedhas.
  5415 | D:6      | Found Nyiniku's Armour Shop.
  5926 | D:7      | Reached skill level 13 in Axes
  6190 | D:8      | Noticed Harold
  6208 | D:8      | Killed Harold
  6208 | D:8      | Reached skill level 14 in Axes
  6367 | D:8      | Noticed Erica
  6371 | D:8      | Reached ***** piety under Makhleb
  6386 | D:8      | Killed Erica
  6386 | D:8      | Reached skill level 15 in Axes
  6386 | D:8      | Reached XP level 10. HP: 71/81 MP: 7/7
  6861 | D:9      | Found a hide-covered altar of Uskayaw.
  7162 | D:9      | Found a staircase to the Orcish Mines.
  7374 | D:10     | Entered Level 10 of the Dungeon
  7495 | D:10     | Reached skill level 16 in Axes
  7532 | D:10     | Found a staircase to the Lair.
  7725 | D:10     | Noticed Psyche
  7734 | D:10     | Paralysed by Psyche for 4 turns
  7741 | D:10     | Killed Psyche
  8910 | D:11     | Reached skill level 5 in Shields
  8914 | D:11     | Reached skill level 5 in Armour
  9243 | D:11     | Reached XP level 11. HP: 84/93 MP: 8/8
  9457 | Orc:1    | Entered Level 1 of the Orcish Mines
  9614 | Orc:1    | Reached ****** piety under Makhleb
  9641 | Orc:1    | Reached skill level 5 in Fighting
 10092 | Orc:2    | Entered Level 2 of the Orcish Mines
 10143 | Orc:2    | Noticed an orc knight
 10169 | Orc:2    | Found a dark tunnel.
 10177 | Volcano  | Entered a volcano
 10193 | Volcano  | Noticed a stone giant
 10195 | Volcano  | Gained mutation: You are resistant to hostile enchantments.
                  | (MR+) [potion of mutation]
 10195 | Volcano  | Gained mutation: You are agile. (Dex +2) [potion of
                  | mutation]
 10203 | Volcano  | HP: 4/96 [stone giant (30)]
 10206 | Volcano  | Demolished by a stone giant

Levels and vault maps discovered:
D:1:      tarquinn_simple_flora_water_e, layout_loops_cross, lemuel_flame_loot_1
D:2:      layout_basic, lemuel_coloured_pillars_altar, old_standard_altar,
          bloody_makhleb, led_sif_pool, kennysheep_generic_room_9, uniq_jessica,
          uniq_natasha
D:3:      layout_rooms, okawaru_trees_2, first_ration, uniq_robin
D:4:      layout_gridville, nicolae_ru_path_of_blood,
          nemelex_xobeh_ov_fountains_minmay, zin_statuary
D:5:      layout_loops_corners, minmay_temple_entry_proselytizer,
          portal_sewer_entry_a
D:6:      layout_loops_ring, nicolae_tso_carved_into_rock,
          fedhas_altar_decomposition, lemuel_doored_altar, slow_altar_1,
          serial_shops, shop, shop_statue, kennysheep_little_box
D:7:      layout_loops_cross, minmay_a_box_with_orc_wizards_in_it
D:8:      layout_rooms, grunt_ogre_cave, bh_chokoban, uniq_harold, uniq_erica
D:9:      layout_irregular_city, orc_0_dummy, serial_column_ruins,
          column_ruins_corridor_corner, column_ruins_open_small,
          column_ruins_grid_1, column_ruins_corridor_straight,
          column_ruins_columns_straight, column_ruins_open_tiny,
          column_ruins_columns_dead_end, basic_altar
D:10:     layout_long_grid, dpeg_oklobed_lair, minmay_ruffians, uniq_psyche
D:11:     layout_gridville, chequers_avenue
Orc:1:    layout_diamond_mine, serial_shops
Orc:2:    st_orc_town, layout_caves, basic_altar,
          lightli_volcano_entry_magma_tube, mines2_david
Volcano:  volcano_pools

Skill      XL: |  1  2  3  4  5  6  7  8  9 10 11 |
---------------+----------------------------------+-----
Axes           | 3 4 5 7 8 10 12 15 16 | 16.0
Fighting       | 4 5 |  5.3
Armour         | 5 6 |  6.4
Shields        | 5 6 |  6.4

Action                   |  1- 3 |  4- 6 |  7- 9 | 10-12 || total
-------------------------+-------+-------+-------+-------++-------
Melee: War axe           |    92 |   337 |   329 |   340 ||  1098
Throw: Stone             |     3 |       |       |       ||     3
       Dart              |       |       |       |     7 ||     7
 Abil: Heal Wounds       |     1 |     1 |     8 |       ||    10
  Use: Scroll            |       |     4 |       |     1 ||     5
       Potion            |       |       |       |     4 ||     4
  Eat: Chunk             |     1 |     5 |     9 |    13 ||    28
       Ration            |       |     1 |       |       ||     1
Armor: Scale mail        |    41 |   182 |    82 |       ||   305
       Plate armour      |       |       |    95 |   130 ||   225
Dodge: Dodged            |    34 |    98 |    59 |    28 ||   219
Block: Shield            |    48 |   183 |   141 |   130 ||   502
